 Dungeon Crawl Stone Soup version bcrawl-1.21.2-28-g2cb1824106 (webtiles) character file.

Game seed: 2712112546843857508

1044 Freyura the Twirler (level 8, -7/49 HPs)
             Began as a Gargoyle Gladiator on Mar 10, 2020.
             Killed from afar by McKennaii's ghost (12 damage)
             ... with a flame tongue
             ... on level 4 of the Dungeon.
             The game lasted 00:09:06 (3857 turns).

Freyura the Twirler (Gargoyle Gladiator)            Turns: 3857, Time: 00:09:07

Health: -7/49      AC: 20    Str: 19    XL:     8   Next: 25%
Magic:  8/8        EV: 13    Int:  8    God:
Gold:   248        SH:  2    Dex: 13    Spells: 7/7 levels left

rFire    . . .     SeeInvis .   u - +0 quarterstaff (protect)
rCold    . . .     Gourm    .   (shield currently unavailable)
rNeg     + . .     Faith    .   l - +0 ring mail
rPois    ∞         Spirit   .   c - +0 helmet
rElec    +         Reflect  +   (no cloak)
rCorr    .         Harm     .   k - +0 pair of gloves
MR       .....                  (no boots)
Stlth    +.........             s - +2 amulet of reflection
HPRegen  0.16/turn              i - ring of flight
MPRegen  0.11/turn              (no ring)

@: swift, protection aura, flying, quick
A: negative energy resistance 1, electricity resistance, unbreathing,
petrification resistance, rot immunity, AC +5
a: no special abilities


You were on level 4 of the Dungeon.
You were not hungry.

You visited 1 branch of the dungeon, and saw 4 of its levels.

You collected 248 gold pieces.

Inventory:

Hand Weapons
 a - a +0 quarterstaff
 u - a +0 quarterstaff of protection (weapon)
Missiles
 d - 3 throwing nets (quivered) {!f}
Armour
 b - a +0 leather armour
 c - a +0 helmet (worn)
 k - a +0 pair of gloves (worn)
 l - a +0 ring mail (worn)
Jewellery
 i - a ring of flight (left hand)
 s - a +2 amulet of reflection (around neck)
Scrolls
 f - 2 scrolls of magic mapping
 h - 2 scrolls of teleportation
 m - a scroll of fog {unknown}
 n - 3 scrolls of remove curse {unknown}
 p - a scroll of enchant armour {unknown}
 q - a scroll of amnesia {unknown}
Potions
 g - a potion of brilliance
 o - a potion of invisibility
 t - a potion of curing {unknown}
 v - 2 potions of haste
 w - a potion of lignification {unknown}
 x - a potion of ambrosia {unknown}
Comestibles
 e - 7 rations {!d}


   Skills:
 + Level 5.0 Fighting
 * Level 6.6 Staves
 - Level 1.8 Throwing
 + Level 4.2 Armour
 + Level 4.2 Dodging


You had 7 spell levels left.
You didn't know any spells.
Your spell library contained the following spells:

 Spells                   Type           Power        Failure   Level  Hunger
 Magic Dart               Conj           #...         58%         1    ##.....
 Searing Ray              Conj           #.......     73%         2    ###....
 Iskenderun's Mystic Bla  Conj           #.......     91%         3    ####...
 Fulminant Prism          Conj/Hex       #.........   100%        4    #####..
 Irradiate                Conj/Tmut      #.........   100%        5    ######.


Dungeon Overview and Level Annotations

Branches:
Dungeon (4/12)
 Temple: D:4-7

Altars:
Gozag

Annotations:
D:4 McKennaii's ghost, amateur DjFE


Innate Abilities, Weirdness & Mutations

You are resistant to torment.
Your stone body is resilient. (AC +5)
You are immune to poison.
You resist negative energy. (rN+)
You are resistant to electric shocks. (rElec)
You can survive without breathing.
You are immune to petrification.
You are immune to rotting.


Message History

McKennaii's ghost gestures at you while chanting.
The flame tongue hits you!!
* * * LOW HITPOINT WARNING * * *
You hit McKennaii's ghost.
McKennaii's ghost is almost destroyed.
You hit McKennaii's ghost but do no damage.
McKennaii's ghost is almost destroyed.
McKennaii's ghost stares at you.
McKennaii's ghost hits you but does no damage.
You closely miss McKennaii's ghost.
McKennaii's ghost is almost destroyed.
McKennaii's ghost points at you and mumbles some strange words.
The flame tongue hits you.
* * * LOW HITPOINT WARNING * * *
It was a potion of flight.
You feel very buoyant.
You fly up into the air.
McKennaii's ghost gestures at you while chanting.
The flame tongue hits you!
You die...

#.###.#.##.....#
#.###.........######
#.......####)[......
######### #.#######
#.# *##*## #.#
###§##.# #.#
#.#.≈.####.#
##@#≈..≈.##.#####
#..W.#.≈###.#...##
#..'.≈.$.##..###.##
#..#(8..###.......#
##..#≈.#.###....#..#
##...##≈.###...#.#..#
#....#*### #.#.......
##...# #.......##
##.## ##.####.#


You could see McKennaii's ghost.

Vanquished Creatures
  Pikel (D:4)
  A slave (D:4)
  A sky beast (D:4)
  A phantom (D:4)
  2 ogres (D:4)
  A howler monkey (D:4)
  2 crimson imps (D:4)
  2 hounds (D:4)
  A bullfrog skeleton (D:3)
  An orc wizard (D:4)
  A worker ant (D:4)
  A hound skeleton (D:4)
  2 adders
  2 oozes (D:3)
  3 worms (D:2)
  7 leopard geckos
  4 orcs
  4 giant cockroaches
  4 goblins (D:1)
  9 hobgoblins
  2 quokkas
  2 ball pythons
  2 bats (D:3)
  4 frilled lizards
  13 kobolds
  A quokka skeleton (D:3)
  6 rats
  A bush (D:3)
  4 plants (D:3)
85 creatures vanquished.

Vanquished Creatures (others)
  2 slaves (D:4)
  A crimson imp (D:4)
  A plant (D:3)
4 creatures vanquished.

Grand Total: 89 creatures vanquished

Notes
Turn   | Place    | Note
-------+----------+-------------------------------------------
     0 | D:1      | Freyura the Gargoyle Gladiator began the quest for the Orb.
     0 | D:1      | Reached XP level 1. HP: 12/12 MP: 1/1
   173 | D:1      | Reached XP level 2. HP: 13/18 MP: 2/2
   815 | D:1      | Reached XP level 3. HP: 22/22 MP: 3/3
   919 | D:2      | Reached skill level 1 in Armour
   942 | D:2      | Found an opulent altar of Gozag.
  1479 | D:2      | Reached XP level 4. HP: 25/27 MP: 4/4
  1623 | D:3      | Reached skill level 4 in Staves
  2157 | D:3      | Reached XP level 5. HP: 32/32 MP: 5/5
  2748 | D:4      | Noticed a sky beast
  2763 | D:4      | Killed a sky beast
  2863 | D:4      | Reached XP level 6. HP: 37/37 MP: 6/6
  2888 | D:4      | Found a large runed translucent door.
  2889 | D:4      | Found a large runed translucent door.
  2891 | D:4      | Noticed McKennaii's ghost (amateur DjFE)
  3054 | D:4      | Reached skill level 5 in Staves
  3371 | D:4      | Noticed a slave
  3371 | D:4      | Noticed a slave
  3373 | D:4      | Noticed a slave
  3373 | D:4      | Noticed Pikel
  3374 | D:4      | Noticed a slave
  3383 | D:4      | Killed a slave
  3399 | D:4      | Killed Pikel
  3399 | D:4      | Reached skill level 6 in Staves
  3399 | D:4      | Reached XP level 7. HP: 35/44 MP: 7/7
  3403 | D:4      | Reached XP level 8. HP: 39/48 MP: 8/8
  3556 | D:4      | Reached skill level 5 in Fighting
  3857 | D:4      | Killed from afar by McKennaii's ghost

Skill      XL: |  1  2  3  4  5  6  7  8 |
---------------+-------------------------+-----
Armour         | 1 2 3 4 |  4.2
Fighting       | 3 4 5 |  5.0
Staves         | 4 6 |  6.6
Dodging        | 3 4 |  4.2
Throwing       | |  1.8

Action                   |  1- 3 |  4- 6 |  7- 9 || total
-------------------------+-------+-------+-------++-------
Melee: Quarterstaff      |   127 |   334 |    42 ||   503
  Use: Scroll            |       |     6 |     1 ||     7
       Potion            |       |       |     1 ||     1
  Eat: Chunk             |     2 |     7 |     1 ||    10
Armor: Leather armour    |    28 |       |       ||    28
       Ring mail         |    12 |    63 |     9 ||    84
Dodge: Dodged            |    72 |    83 |    24 ||   179
Block: Other             |       |     1 |     1 ||     2
